 Dungeon Crawl Stone Soup version 0.23.2-1-ga50397a6bc (webtiles) character file.

Game seed: 9730778380932537174

889 Marnok the Shield-Bearer (level 8, 0/62 HPs)
             Began as a Formicid Fighter on Apr 21, 2019.
             Killed by nerve-wracking pain
             ... invoked by Grinder
              (10 damage)
             ... on level 5 of the Dungeon.
             The game lasted 00:14:30 (3607 turns).

Marnok the Shield-Bearer (Formicid Fighter)         Turns: 3607, Time: 00:14:32

Health: 0/62       AC:  8    Str: 23    XL:     8   Next: 27%
Magic:  8/8        EV:  9    Int:  7    God:
Gold:   274        SH: 10    Dex: 11    Spells: 7/7 levels left

rFire    . . .     SeeInvis +   a - +1 quarterstaff
rCold    . . .     Gourm    .   c - +0 shield
rNeg     . . .     Faith    .   b - +0 scale mail
rPois    .         Spirit   .   (helmet unavailable)
rElec    .         Reflect  .   (no cloak)
rCorr    .         Harm     .   k - +0 pair of gloves
MR       .....                  (no boots)
Stlth    ..........             (no amulet)
HPRegen  0.20/turn              (no ring)
MPRegen  0.11/turn              (no ring)

@: no status effects
A: permanent stasis, dig shafts and tunnels, four strong arms, antennae 3
a: Dig, Shaft Self


You were on level 5 of the Dungeon.
You were not hungry.

You visited 1 branch of the dungeon, and saw 5 of its levels.

You collected 274 gold pieces.

Inventory:

Hand Weapons
 a - a +1 quarterstaff (weapon)
 t - a +2 flail of protection
Missiles
 e - 5 tomahawks (quivered)
Armour
 b - a +0 scale mail (worn)
 c - a +0 shield (worn)
 k - a +0 pair of gloves (worn)
Jewellery
 n - an uncursed ring of poison resistance {unknown}
Scrolls
 h - 2 scrolls of teleportation
 i - a scroll of remove curse
 l - a scroll of enchant weapon
 p - a scroll of magic mapping
 u - a scroll of enchant armour {unknown}
 w - a scroll of identify
Potions
 g - a potion of cancellation
 j - 2 potions of agility
 m - 3 potions of haste {unknown}
 o - a potion of curing
 q - a potion of heal wounds {unknown}
 r - a potion of degeneration {unknown}
 s - 3 potions of lignification
 v - a potion of flight {unknown}
Comestibles
 f - 9 rations


   Skills:
 + Level 5.3 Fighting
 + Level 5.5 Staves
 + Level 0.5 Throwing
 + Level 5.4 Armour
 + Level 1.6 Dodging
 + Level 0.8 Stealth
 + Level 5.7 Shields


You had 7 spell levels left.
You didn't know any spells.
Your spell library was empty.

Dungeon Overview and Level Annotations

Branches:
Dungeon (5/15)
 Temple: D:4-7

Altars:
Cheibriados
Uskayaw

Shops:
D:4 :

Annotations:
D:5 Grinder


Innate Abilities, Weirdness & Mutations

You cannot be hasted, slowed, berserked, paralysed or teleported.
You can dig through walls and to a lower floor.
Your four strong arms can wield two-handed weapons with a shield.
You have a pair of large antennae on your head. (SInv)


Message History

You block Grinder's attack.
You closely miss Grinder.
Grinder is severely wounded.
Grinder barely misses you.
You closely miss Grinder.
Grinder is severely wounded.
Grinder hits you but does no damage.
You hit Grinder but do no damage.
Grinder is severely wounded.
Grinder hits you.
* * * LOW HITPOINT WARNING * * *
You feel better. Grinder hits you.
You writhe in agony.
You sock Grinder!
Grinder is almost dead.
Grinder gestures at you. Pain shoots through your body!
* * * LOW HITPOINT WARNING * * *
Grinder gestures at you. Pain shoots through your body!
You die...

#...#......#...≈....#.........
#.<.+......'..§≈§≈..#.........
###.##.##.##..§≈≈...'...##....
####.#####.##....≈...#...##<..≈
#...........#........#...##..##
#...........##......##...##.)##
####'##.########'#####...##..).
####.##+# ##.#.#####...##..[.
#......# #.@..........o.....
#......# #..5........[#.....
#......# #............##...#
###.##.+ +.###.######'##...#
#+###.#### #####'####...##{..#
.......#.# #...>.'......#....#
.......#.######.....#......#....#
...>............##..##.....#.....
#.....#..#.###..##..##.....#####+


You could see Grinder.

Vanquished Creatures
  2 phantoms
  An ice beast (D:5)
  An ogre (D:4)
  2 scorpions
  A howler monkey (D:4)
  A bullfrog zombie (D:5)
  2 hounds (D:4)
  An orc wizard (D:5)
  A bullfrog skeleton (D:4)
  A centaur skeleton (D:4)
  2 worker ants (D:4)
  Robin (D:2)
  A howler monkey skeleton (D:4)
  2 adders
  An ooze (D:3)
  2 worms
  4 dart slugs
  6 leopard geckos
  11 orcs
  14 bats
  3 giant cockroaches
  16 goblins
  5 hobgoblins
  8 jackals
  3 quokkas
  A ball python (D:2)
  11 frilled lizards
  A jackal skeleton (D:4)
  10 kobolds
  8 rats
123 creatures vanquished.

Notes
Turn   | Place    | Note
-------+----------+-------------------------------------------
     0 | D:1      | Marnok the Formicid Fighter began the quest for the Orb.
     0 | D:1      | Reached XP level 1. HP: 18/18 MP: 1/1
    83 | D:1      | Reached XP level 2. HP: 22/24 MP: 2/2
   422 | D:1      | Reached XP level 3. HP: 27/29 MP: 3/3
  1004 | D:2      | Found a snail-covered altar of Cheibriados.
  1090 | D:2      | Noticed Robin
  1098 | D:2      | Reached XP level 4. HP: 37/37 MP: 4/4
  1135 | D:2      | Killed Robin
  1320 | D:2      | Found a faded altar of an unknown god.
  1392 | D:2      | Reached XP level 5. HP: 42/42 MP: 5/5
  1401 | D:2      | Found a hide-covered altar of Uskayaw.
  2114 | D:4      | Reached XP level 6. HP: 14/48 MP: 6/6
  2372 | D:4      | Noticed an ogre
  2381 | D:4      | Killed an ogre
  2381 | D:4      | Reached skill level 5 in Shields
  2676 | D:4      | Reached XP level 7. HP: 47/55 MP: 7/7
  2893 | D:4      | Reached skill level 1 in Dodging
  2958 | D:4      | Reached skill level 5 in Staves
  2991 | D:4      | Found Utuof's Book Shop.
  3125 | D:5      | Entered Level 5 of the Dungeon
  3141 | D:5      | Reached skill level 5 in Armour
  3151 | D:5      | Reached XP level 8. HP: 30/61 MP: 8/8
  3465 | D:5      | Reached skill level 5 in Fighting
  3584 | D:5      | Noticed Grinder
  3607 | D:5      | Killed from afar by Grinder

Skill      XL: |  1  2  3  4  5  6  7  8 |
---------------+-------------------------+-----
Shields        | 4 5 |  5.7
Staves         | 3 4 5 |  5.5
Fighting       | 4 5 |  5.3
Armour         | 4 5 |  5.4
Dodging        | 1 |  1.6
Throwing       | |  0.5
Stealth        | |  0.8

Action                   |  1- 3 |  4- 6 |  7- 9 || total
-------------------------+-------+-------+-------++-------
Melee: Quarterstaff      |   103 |   193 |   129 ||   425
Throw: Tomahawk          |     9 |       |     1 ||    10
  Use: Scroll            |       |    11 |       ||    11
       Potion            |       |     3 |     1 ||     4
  Eat: Chunk             |     1 |     5 |     3 ||     9
Armor: Scale mail        |    45 |   117 |    23 ||   185
Dodge: Dodged            |    47 |   110 |    34 ||   191
Block: Shield            |    64 |   139 |    59 ||   262
